Map: Avalon Labs

Players

BigBallsBoby - Winner!

  • Race: Zerg Zerg

IIIIIIIIIIII - Winner!

  • Race: Protoss Protoss

Soundwave - Winner!

  • Race: Zerg Zerg
  • League: Gold

Larego

  • Race: Protoss Protoss

KnusperKeks

  • Race: Protoss Protoss
  • League: Gold

PMan

  • Race: Protoss Protoss

VOD

Have the link to the VOD?

Description

Time

  • Played on: Nov. 18, 2015, 7:23 a.m.
  • Length: 13:40
Show
View Real Time Build Order
Export as new Build Order

BigBallsBoby Zerg - Winner!

Build Orders: Hatch First, Lurkers 

Get SALT Encoding   

  12  0:01  Drone  
  13  0:10  Drone  
  14  0:16  Overlord  
  14  0:35  Drone x3  
  17  0:46  Drone  
  18  1:02  Drone  
  19  1:07  Hatchery, Extractor  
  19  1:08  Drone  
  18  1:19  Spawning Pool  
  18  1:22  Drone  
  18  1:30  Drone  
  19  1:39  Drone  
  20  1:50  Overlord  
  20  2:03  Drone  
  21  2:11  Queen  
  21  2:14  Metabolic Boost  
  23  2:19  Queen  
  23  2:21  Drone  
  23  2:22  Drone  
  27  2:31  Drone x2  
  27  2:35  Drone  
  30  2:49  Drone x2  
  32  2:55  Extractor  
  31  3:02  Extractor  
  31  3:03  Drone x3  
  33  3:05  Overlord  
  33  3:10  Lair  
  33  3:15  Drone  
  33  3:17  Overlord  
  34  3:28  Hatchery, Zergling x8  
  37  3:36  Drone  
  37  3:37  Drone x3  
  41  3:42  Roach Warren  
  40  3:50  Drone x2  
  40  3:53  Drone  
  40  3:55  Spore Crawler  
  42  3:57  Spore Crawler  
  41  4:17  Drone x5  
  41  4:19  Overlord  
  41  4:20  Overlord  
  41  4:22  Glial Reconstitution  
  46  4:28  Evolution Chamber  
  45  4:31  Evolution Chamber, Drone  
  45  4:34  Drone  
  45  4:36  Drone  
  47  4:40  Overlord  
  47  4:51  Drone x4  
  47  4:52  Drone  
  52  4:54  Drone  
  53  5:04  Zerg Ground Armor Level 1  
  53  5:05  Zerg Missile Weapons Level 1  
  53  5:08  Extractor  
  53  5:09  Drone  
  53  5:10  Drone x3  
  53  5:12  Drone  
  53  5:14  Drone  
  58  5:21  Overlord  
  58  5:24  Overlord  
  58  5:27  Queen  
  61  5:35  Drone  
  61  5:36  Drone x3  
  61  5:38  Drone x3  
  61  5:40  Drone x3  
  70  5:45  Queen  
  70  5:47  Queen  
  74  6:00  Hydralisk Den  
  73  6:09  Roach x8  
  89  6:19  Overlord x4  
  89  6:20  Overlord  
  89  6:41  Roach x8  
  89  6:42  Roach x6  
  89  6:46  Ravager x3  
  120  6:48  Ravager x3  
  120  6:49  Ravager  
  124  6:59  Muscular Augments  
  124  7:01  Hatchery  
  123  7:02  Drone  
  123  7:03  Drone x2  
  123  7:05  Extractor  
  123  7:06  Extractor  
  123  7:08  Zerg Ground Armor Level 2, Zerg Missile Weapons Level 2  
  124  7:10  Drone  
  125  7:34  Drone  
  125  7:35  Drone x2  
  125  7:36  Drone x2  
  130  7:37  Overlord x4  
  130  7:39  Overlord  
  130  7:47  Spine Crawler  
  129  7:52  Spore Crawler  
  129  7:54  Spine Crawler  
  127  8:06  Hydralisk  
  127  8:07  Hydralisk x9  
  147  8:15  Overseer  
  135  9:07  Roach  
  135  9:08  Lurker Den, Roach x12  
  161  9:13  Queen  
  161  9:14  Infestation Pit  
  162  9:55  Ravager x3  
  162  9:56  Ravager x2  
  162  9:57  Ravager  
  168  10:01  Drone x3  
  166  10:45  Hydralisk  
  166  10:46  Hydralisk x10  
  166  10:47  Hydralisk  
  166  10:49  Overlord  
  176  10:50  Overlord x4  
  176  11:01  Overlord x2  
  176  11:02  Overlord  
  176  11:04  Hive  
  176  11:12  Hatchery  
  176  11:15  Extractor  
  176  11:16  Extractor  
  173  11:27  Hydralisk x3  
  173  11:28  Hydralisk x9  
  197  11:33  Lurker x3  
  179  12:01  Hydralisk x7  
  150  12:02  Hydralisk x6  
  133  12:37  Roach x6  
  133  12:38  Roach x11  
  165  12:48  Zergling x2  
  166  13:12  Roach x2  
  182  13:13  Roach x9  
  188  13:29  Lurker x4  
  188  13:30  Lurker x3  
  188  13:31  Lurker  
Show
View Real Time Build Order
Export as new Build Order

IIIIIIIIIIII Protoss - Winner!

Build Orders: Nexus First, Phoenix Opening 

Get SALT Encoding   

  12  0:02  Probe (Chrono Boost)  
  13  0:12  Probe (Chrono Boost)  
  14  0:18  Pylon  
  14  0:23  Probe (Chrono Boost)  
  15  0:36  Probe (Chrono Boost)  
  16  0:47  Probe (Chrono Boost)  
  17  0:58  Probe (Chrono Boost)  
  17  1:03  Nexus  
  18  1:10  Probe (Chrono Boost)  
  19  1:16  Gateway  
  19  1:20  Assimilator  
  19  1:24  Probe (Chrono Boost)  
  20  1:31  Assimilator  
  20  1:34  Probe (Chrono Boost)  
  21  1:45  Probe (Chrono Boost)  
  22  1:55  Probe (Chrono Boost)  
  23  2:05  Cybernetics Core  
  23  2:15  Probe (Chrono Boost)  
  24  2:16  Gateway x2  
  24  2:18  Probe (Chrono Boost)  
  25  2:26  Probe (Chrono Boost)  
  25  2:29  Probe (Chrono Boost)  
  27  2:33  Pylon  
  27  2:36  Probe (Chrono Boost)  
  28  2:41  Probe (Chrono Boost)  
  29  2:44  Stargate  
  29  2:48  Probe (Chrono Boost)  
  30  2:52  Probe (Chrono Boost)  
  32  2:58  Probe (Chrono Boost)  
  32  3:07  Probe (Chrono Boost)  
  32  3:09  Probe (Chrono Boost)  
  34  3:14  Stargate  
  34  3:17  Probe (Chrono Boost)  
  34  3:19  Probe (Chrono Boost)  
  36  3:23  Assimilator  
  36  3:28  Probe (Chrono Boost), Assimilator  
  36  3:30  Pylon  
  36  3:31  Phoenix (Chrono Boost)  
  39  3:36  Probe (Chrono Boost)  
  39  3:37  Probe (Chrono Boost)  
  41  3:47  Probe  
  41  3:48  Probe  
  41  3:49  Pylon  
  43  3:56  Pylon  
  43  4:00  Phoenix (Chrono Boost)  
  43  4:01  Phoenix (Chrono Boost)  
  47  4:04  Probe  
  47  4:05  Probe  
  49  4:14  Protoss Air Weapons Level 1 (Chrono Boost)  
  49  4:15  Probe  
  50  4:18  Probe  
  50  4:23  Fleet Beacon  
  51  4:25  Probe  
  51  4:29  Phoenix (Chrono Boost)  
  51  4:30  Probe  
  55  4:36  Probe  
  58  4:39  Phoenix (Chrono Boost)  
  58  4:48  Probe x2  
  58  4:49  Phoenix (Chrono Boost)  
  62  4:55  Pylon  
  62  4:56  Pylon  
  62  5:01  Pylon  
  62  5:03  Probe x2  
  64  5:09  Anion Pulse-Crystals (Chrono Boost)  
  64  5:11  Phoenix (Chrono Boost)  
  66  5:15  Probe x2  
  66  5:18  Pylon  
  68  5:21  Pylon  
  68  5:24  Pylon  
  68  5:26  Phoenix (Chrono Boost)  
  68  5:27  Probe x2  
  72  5:35  Phoenix (Chrono Boost)  
  74  5:39  Probe x2  
  76  5:55  Forge  
  76  5:57  Forge  
  76  6:00  Twilight Council  
  76  6:03  Phoenix  
  76  6:09  Probe  
  79  6:11  Protoss Air Weapons Level 2 (Chrono Boost)  
  79  6:12  Phoenix  
  81  6:20  Pylon  
  81  6:25  Assimilator  
  81  6:29  Assimilator  
  81  6:30  Protoss Shields Level 1 (Chrono Boost)  
  81  6:31  Nexus  
  81  6:34  Pylon  
  81  6:36  Photon Cannon  
  81  6:42  Photon Cannon  
  81  6:45  Phoenix  
  81  6:49  Cybernetics Core  
  81  6:50  Phoenix  
  85  6:58  Photon Cannon  
  85  7:02  Photon Cannon  
  85  7:05  Probe x2  
  87  7:20  Photon Cannon  
  87  7:21  Photon Cannon  
  87  7:24  Probe x2  
  87  7:25  Protoss Air Armor Level 1 (Chrono Boost), Photon Cannon  
  89  7:31  Phoenix  
  89  7:36  Probe  
  92  7:50  Nexus  
  92  7:54  Pylon  
  92  7:59  Assimilator  
  92  8:02  Probe  
  92  8:03  Probe x2  
  92  8:05  Assimilator  
  95  8:08  Pylon  
  95  8:11  Protoss Air Weapons Level 3 (Chrono Boost)  
  95  8:15  Probe  
  96  8:27  Photon Cannon  
  96  8:35  Probe  
  96  8:36  Probe x2  
  99  8:46  Stargate  
  99  8:47  Stargate  
  99  8:50  Stargate  
  99  8:52  Stargate  
  99  8:55  Stargate  
  99  9:00  Stargate  
  99  9:02  Stargate  
  99  9:06  Pylon, Stargate  
  99  9:17  Tempest  
  99  9:18  Tempest  
  107  9:53  Tempest x2 (Chrono Boost)  
  107  9:58  Tempest (Chrono Boost)  
  107  9:59  Tempest (Chrono Boost)  
  119  10:01  Tempest (Chrono Boost)  
  127  10:14  Protoss Air Armor Level 2 (Chrono Boost)  
  127  10:36  Tempest x2 (Chrono Boost)  
  135  10:59  Tempest (Chrono Boost)  
  135  11:00  Tempest (Chrono Boost)  
  135  11:01  Tempest (Chrono Boost)  
  147  11:13  Protoss Shields Level 2  
  147  11:25  Tempest (Chrono Boost)  
  155  11:40  Tempest (Chrono Boost)  
  155  11:42  Pylon  
  155  11:43  Pylon  
  155  11:45  Pylon  
  155  11:47  Pylon  
  155  11:49  Pylon  
  155  11:54  Photon Cannon  
  155  11:57  Photon Cannon  
  155  11:58  Photon Cannon  
  155  12:00  Photon Cannon  
  155  12:02  Photon Cannon  
  155  12:06  Tempest x3 (Chrono Boost), Pylon  
  167  12:12  Photon Cannon  
  167  12:14  Tempest (Chrono Boost)  
  171  12:22  Void Ray (Chrono Boost)  
  179  12:33  Tempest (Chrono Boost)  
  179  12:45  Tempest x2 (Chrono Boost)  
Show
View Real Time Build Order
Export as new Build Order

Soundwave Zerg - Winner!

Build Orders: Hatch First 

Get SALT Encoding   

  12  0:11  Drone x2  
  14  0:29  Drone, Extractor  
  14  0:31  Drone, Extractor  
  16  0:46  Hatchery  
  15  1:09  Spawning Pool  
  15  1:10  Overlord  
  14  1:18  Drone, Extractor  
  14  1:29  Drone x2  
  16  1:41  Drone  
  17  1:56  Drone x2  
  17  1:58  Queen  
  21  2:05  Queen  
  23  2:20  Metabolic Boost  
  23  2:21  Overlord  
  23  2:30  Drone x2  
  23  2:33  Drone  
  25  3:01  Drone x3  
  28  3:08  Hatchery  
  27  3:18  Drone  
  27  3:19  Drone x5  
  33  3:25  Extractor  
  32  3:30  Lair  
  32  3:57  Roach Warren  
  32  4:02  Drone  
  32  4:03  Drone x4  
  32  4:05  Overlord x3  
  36  4:36  Queen  
  38  4:40  Spire  
  38  4:43  Zergling x6  
  38  4:44  Zergling x8  
  44  4:45  Overlord  
  44  4:46  Overlord  
  44  4:49  Overseer  
  44  4:55  Glial Reconstitution  
  44  4:58  Roach x3  
  50  5:08  Drone x5  
  55  5:35  Extractor  
  55  5:36  Extractor  
  55  5:38  Drone x3  
  55  5:40  Drone x3  
  59  5:53  Mutalisk x2  
  59  5:54  Mutalisk  
  65  6:01  Drone x4  
  69  6:10  Drone x2  
  69  6:11  Drone x3  
  74  6:14  Extractor x2  
  74  6:15  Overlord  
  74  6:16  Overlord  
  72  6:28  Drone x3  
  72  6:30  Drone x3  
  72  6:31  Overlord x2  
  78  6:33  Mutalisk x2  
  82  6:41  Zerg Flyer Weapons Level 1  
  82  6:42  Mutalisk x2  
  86  6:55  Mutalisk x2  
  86  7:00  Zergling x10  
  86  7:01  Zergling x4  
  97  7:07  Mutalisk x2  
  101  7:16  Drone x4  
  105  7:28  Mutalisk  
  105  7:29  Mutalisk x2  
  111  7:54  Mutalisk  
  111  7:58  Overlord x3  
  113  8:16  Queen  
  113  8:19  Mutalisk x7  
  121  8:20  Mutalisk  
  126  8:40  Hatchery  
  117  8:46  Roach x4  
  117  8:47  Roach x6  
  137  9:04  Overlord x6  
  137  9:05  Overlord x3  
  137  9:18  Zerg Flyer Weapons Level 2  
  137  9:28  Mutalisk  
  137  9:29  Mutalisk x6  
  151  9:47  Mutalisk  
  151  9:48  Mutalisk x2  
  155  10:04  Mutalisk x3  
  161  10:14  Drone  
  161  10:15  Drone x3  
  165  10:27  Mutalisk x3  
  169  10:58  Mutalisk x3  
  169  10:59  Mutalisk x2  
  177  11:13  Corruptor x2  
  177  11:14  Corruptor  
  181  11:26  Corruptor x2  
  185  11:42  Corruptor  
  185  11:43  Corruptor x2  
  179  12:29  Corruptor x3  
  169  12:30  Corruptor x4  
  171  12:40  Corruptor  
  171  12:41  Corruptor  
  175  12:47  Corruptor  
  177  13:00  Corruptor  
  177  13:01  Mutalisk  
Show
View Real Time Build Order
Export as new Build Order

Larego Protoss 

Build Orders:  

Get SALT Encoding   

  12  0:23  Pylon  
  12  0:24  Pylon  
  12  0:48  Gateway  
  12  1:11  Forge  
  12  1:30  Probe (Chrono Boost)  
  13  1:37  Assimilator  
  13  1:41  Probe (Chrono Boost), Assimilator  
  14  1:51  Probe (Chrono Boost)  
  15  2:02  Probe (Chrono Boost)  
  16  2:12  Probe (Chrono Boost)  
  17  2:23  Probe (Chrono Boost)  
  18  2:31  Photon Cannon  
  18  2:32  Photon Cannon  
  18  2:41  Pylon  
  18  3:16  Gateway  
  18  3:56  Protoss Ground Weapons Level 1  
  18  4:09  Zealot  
  20  4:18  Probe (Chrono Boost)  
  21  4:28  Probe (Chrono Boost)  
  22  4:36  Zealot  
  24  4:39  Probe (Chrono Boost)  
  24  4:45  Gateway  
  25  4:49  Probe (Chrono Boost)  
  27  5:00  Probe (Chrono Boost), Pylon  
  27  5:03  Zealot  
  27  5:04  Pylon  
  29  5:30  Zealot  
  31  5:58  Zealot  
  31  6:03  Nexus  
  33  6:12  Pylon  
  33  6:25  Zealot  
  35  6:29  Assimilator  
  35  6:34  Assimilator  
  35  6:39  Photon Cannon  
  35  6:51  Cybernetics Core  
  35  7:08  Photon Cannon  
  35  7:15  Probe (Chrono Boost)  
  36  7:20  Probe (Chrono Boost)  
  37  7:25  Probe (Chrono Boost)  
  38  7:31  Probe (Chrono Boost)  
  38  7:36  Probe (Chrono Boost)  
  40  7:41  Probe (Chrono Boost)  
  41  7:46  Probe (Chrono Boost)  
  42  7:52  Probe (Chrono Boost)  
  42  7:57  Probe (Chrono Boost)  
  44  8:02  Probe (Chrono Boost)  
  45  8:07  Probe (Chrono Boost)  
  46  8:13  Probe (Chrono Boost)  
  47  8:20  Pylon  
  45  8:59  Cybernetics Core  
  45  9:12  Nexus  
  45  9:38  Warp Gate  
  22  9:53  Protoss Shields Level 1  
  22  9:59  Stalker  
  24  10:15  Probe (Chrono Boost)  
  25  10:25  Probe (Chrono Boost)  
  26  10:29  Stalker  
  16  10:36  Probe (Chrono Boost)  
  17  10:46  Probe (Chrono Boost)  
  19  10:57  Probe (Chrono Boost)  
  19  10:59  Stalker  
  21  11:07  Probe (Chrono Boost)  
  22  11:29  Stalker  
  24  11:50  Probe (Chrono Boost)  
  25  11:59  Stalker  
  27  12:02  Stalker  
  21  12:49  Nexus  
Show
View Real Time Build Order
Export as new Build Order

KnusperKeks Protoss 

Build Orders:  

Get SALT Encoding   

  12  0:01  Probe (Chrono Boost)  
  13  0:11  Probe (Chrono Boost)  
  14  0:23  Probe (Chrono Boost), Pylon  
  15  0:42  Probe (Chrono Boost), Gateway  
  16  0:49  Assimilator  
  16  0:52  Probe (Chrono Boost)  
  17  0:57  Assimilator  
  17  1:03  Probe (Chrono Boost)  
  18  1:13  Probe (Chrono Boost)  
  19  1:24  Probe (Chrono Boost)  
  20  1:31  Cybernetics Core  
  20  1:34  Probe (Chrono Boost)  
  20  1:36  Forge  
  21  1:45  Probe (Chrono Boost)  
  22  1:54  Gateway  
  22  2:04  Pylon  
  22  2:08  Warp Gate (Chrono Boost)  
  22  2:15  Photon Cannon  
  22  2:28  Photon Cannon  
  22  2:32  Probe (Chrono Boost)  
  23  2:42  Probe (Chrono Boost)  
  24  2:47  Stalker  
  26  2:51  Stalker  
  26  2:58  Probe  
  29  3:10  Probe  
  30  3:34  Nexus  
  30  3:37  Probe, Pylon  
  31  3:45  Twilight Council  
  31  3:51  Pylon  
  31  3:56  Probe  
  32  4:03  Protoss Ground Weapons Level 1 (Chrono Boost)  
  32  4:08  Probe  
  33  4:10  Stalker  
  35  4:20  Stalker, Blink (Chrono Boost)  
  37  4:32  Probe  
  38  4:43  Photon Cannon  
  38  4:44  Probe  
  38  4:45  Probe  
  40  4:55  Probe  
  40  4:56  Probe  
  42  5:06  Probe  
  42  5:08  Probe  
  44  5:22  Stalker x2  
  48  5:31  Pylon  
  48  5:33  Pylon  
  48  5:45  Gateway  
  48  5:47  Gateway  
  48  5:50  Gateway x2  
  48  5:54  Robotics Facility  
  48  5:56  Protoss Ground Armor Level 1 (Chrono Boost)  
  48  6:04  Charge  
  48  6:12  Stalker  
  48  6:13  Stalker  
  52  6:40  Photon Cannon  
  52  6:43  Probe  
  52  6:45  Photon Cannon  
  53  6:49  Assimilator  
  53  6:53  Assimilator  
  53  6:56  Probe  
  53  6:57  Pylon  
  53  6:58  Observer (Chrono Boost)  
  55  7:08  Probe  
  56  7:17  Observer (Chrono Boost)  
  56  7:20  Probe  
  58  7:24  Protoss Shields Level 1  
  58  7:32  Probe  
  58  7:34  Stalker x2  
  58  7:35  Stalker x3  
  58  7:36  Stalker, Observer (Chrono Boost)  
  72  7:44  Probe  
  73  7:55  Immortal (Chrono Boost)  
  73  7:56  Probe  
  73  7:58  Stalker x2  
  80  7:59  Stalker x2  
  86  8:13  Pylon  
  86  8:14  Pylon  
  86  8:15  Pylon  
  86  8:17  Pylon  
  86  8:31  Probe  
  86  8:32  Immortal (Chrono Boost)  
  83  9:00  Stalker  
  83  9:01  Stalker x3  
  83  9:02  Stalker x2  
  93  9:04  Protoss Ground Weapons Level 2  
  93  9:06  Immortal (Chrono Boost)  
  99  9:25  Stalker x3  
  99  9:26  Stalker  
  99  9:27  Stalker  
  109  9:36  Pylon  
  109  9:38  Pylon  
  109  9:41  Immortal (Chrono Boost)  
  113  9:59  Stalker  
  115  10:00  Stalker x3  
  115  10:01  Stalker  
  123  10:23  Immortal (Chrono Boost)  
  105  10:57  Stalker x3, Immortal (Chrono Boost)  
  111  11:22  Nexus  
  63  12:07  Stalker x3  
  63  12:08  Stalker  
Show
View Real Time Build Order
Export as new Build Order

PMan Protoss 

Build Orders:  

Get SALT Encoding   

  12  0:02  Probe (Chrono Boost)  
  13  0:13  Probe (Chrono Boost)  
  14  0:23  Probe (Chrono Boost)  
  15  0:33  Pylon  
  15  0:38  Assimilator  
  15  0:42  Assimilator  
  15  0:52  Pylon  
  15  0:54  Probe (Chrono Boost)  
  16  1:05  Probe (Chrono Boost)  
  17  1:16  Probe (Chrono Boost)  
  18  1:21  Gateway  
  18  1:26  Probe (Chrono Boost)  
  19  1:37  Probe (Chrono Boost)  
  20  1:49  Forge  
  20  1:51  Probe (Chrono Boost), Pylon  
  21  2:02  Probe (Chrono Boost)  
  22  2:24  Cybernetics Core  
  22  2:35  Nexus  
  22  2:37  Pylon  
  22  3:04  Gateway  
  22  3:07  Mothership Core (Chrono Boost), Gateway  
  24  3:13  Warp Gate (Chrono Boost)  
  24  3:18  Adept  
  26  3:45  Probe  
  27  3:56  Probe  
  28  4:03  Pylon  
  28  4:05  Stargate  
  28  4:06  Probe  
  29  4:10  Stargate  
  29  4:17  Probe  
  30  4:25  Pylon  
  30  4:28  Probe, Assimilator  
  31  4:33  Assimilator  
  31  4:38  Probe  
  32  4:46  Protoss Shields Level 1  
  32  4:49  Probe  
  33  4:57  Protoss Air Weapons Level 1 (Chrono Boost)  
  33  5:02  Void Ray x2  
  41  5:22  Probe  
  42  5:33  Probe  
  42  5:35  Stargate  
  43  5:36  Stargate  
  43  5:38  Pylon  
  43  5:43  Probe  
  43  5:48  Void Ray  
  48  5:54  Probe  
  49  6:05  Probe, Void Ray  
  54  6:15  Probe  
  54  6:17  Probe  
  56  6:26  Probe  
  56  6:29  Probe  
  58  6:36  Probe, Protoss Air Armor Level 1 (Chrono Boost)  
  59  6:41  Probe  
  60  6:47  Probe  
  60  6:48  Twilight Council  
  60  6:51  Fleet Beacon  
  61  6:57  Probe  
  62  7:08  Probe  
  62  7:13  Void Ray x2  
  71  7:18  Probe  
  72  7:34  Photon Cannon  
  72  7:38  Void Ray  
  72  7:42  Pylon  
  76  7:46  Pylon  
  76  7:52  Robotics Facility  
  76  7:54  Pylon  
  76  8:00  Void Ray  
  80  8:21  Nexus  
  80  8:24  Assimilator  
  80  8:26  Assimilator  
  80  8:28  Pylon  
  80  8:30  Pylon  
  80  8:31  Pylon  
  80  9:09  Void Ray x2  
  84  9:10  Void Ray x2  
  84  9:13  Observer  
  97  9:32  Protoss Air Weapons Level 2 (Chrono Boost)  
  97  9:38  Probe  
  97  9:42  Protoss Shields Level 2 (Chrono Boost)  
  98  9:48  Probe  
  99  9:59  Probe  
  99  10:01  Void Ray  
  99  10:02  Void Ray x2  
  99  10:04  Void Ray  
  116  10:09  Probe  
  117  10:20  Probe  
  118  10:30  Probe  
  111  11:24  Nexus  
  111  11:29  Pylon  
  111  11:31  Pylon  
  111  11:34  Pylon, Void Ray x3  
  111  11:35  Void Ray  
  79  12:43  Probe  
  80  12:53  Probe  
  73  13:04  Probe  
  66  13:14  Probe  
  66  13:15  Adept  
Tags
 
Add a new tag
Caveats
  • Supply blocks, unpowered buildings, or Contaminate may cause inaccurate times.
  • Supply counts are checked every 10 seconds.